 Dungeon Crawl Stone Soup version 0.26-a0-6-g448add79b7 (webtiles) character file.

Game seed: 18392795263234512945, levelgen mode: deterministic

755 Foltvin the Digger (level 7, -1/37 HPs)
             Began as a Gargoyle Earth Elementalist on May 24, 2020.
             Was a Follower of Vehumet.
             Killed by divine providence
             ... invoked by an orc priest
              (12 damage)
             ... on level 4 of the Dungeon.
             The game lasted 00:09:01 (3717 turns).

Foltvin the Digger (Gargoyle Earth Elementalist)    Turns: 3717, Time: 00:09:02

Health: -1/37      AC:  8    Str: 11    XL:     7   Next: 79%
Magic:  8/14       EV: 12    Int: 18    God:    Vehumet [*.....]
Gold:   146        SH:  0    Dex: 10    Spells: 6/15 levels left

rFire    . . .     SeeInvis .   j - +3 whip (elec)
rCold    + . .     Gourm    .   (no shield)
rNeg     + . .     Faith    .   c - +0 robe
rPois    ∞         Spirit   .   (no helmet)
rElec    +         Reflect  .   i - +0 cloak
rCorr    .         Harm     .   (no gloves)
MR       .....                  m - +0 pair of boots (curse)
Stlth    ++........             (no amulet)
HPRegen  0.12/turn              (no ring)
MPRegen  0.14/turn              (no ring)

@: no status effects
A: hooves 1, cold resistance 1, negative energy resistance 1, electricity
resistance, unbreathing, petrification resistance, rot immunity, AC +4
a: Renounce Religion


You were on level 4 of the Dungeon.
You worshipped Vehumet.
Vehumet was aware of your devotion.
You were not hungry.

You visited 1 branch of the dungeon, and saw 4 of its levels.

You collected 146 gold pieces.

Inventory:

Hand Weapons
 j - a +3 whip of electrocution (weapon)
 q - a +0 flail
Missiles
 b - 71 stones (quivered)
Armour
 c - a +0 robe (worn)
 i - a +0 cloak (worn)
 m - a cursed +0 pair of boots (worn)
Scrolls
 h - 3 scrolls of magic mapping
 o - 2 scrolls of blinking
Potions
 e - 2 potions of mutation
 f - a potion of flight
 l - a potion of lignification
 n - a potion of haste
 p - a potion of cancellation {unknown}
 r - a potion of berserk rage {unknown}
 s - a potion of ambrosia {unknown}
Comestibles
 a - 9 chunks of flesh
 d - 8 rations


   Skills:
 + Level 0.5 Fighting
 + Level 0.4 Maces & Flails
 + Level 0.4 Armour
 + Level 1.7 Dodging
 - Level 2.1 Stealth
 + Level 4.8 Spellcasting
 + Level 4.5 Conjurations
   Level 0.7 Transmutations
 + Level 6.8 Earth Magic


You had 6 spell levels left.
You knew the following spells:

 Your Spells              Type           Power        Failure   Level  Hunger
a - Sandblast             Erth           ####..       1%          1    None
b - Stone Arrow           Conj/Erth      ###...       4%          3    ###....
c - Lee's Rapid Deconstr  Erth           ####......   22%         5    ######.

Your spell library contained the following spells:

 Spells                   Type           Power        Failure   Level  Hunger
 Shock                    Conj/Air       ##..         5%          1    None
 Magic Dart               Conj           ###.         1%          1    None
 Passwall                 Tmut/Erth      ###.....     4%          2    #......
 Conjure Flame            Conj/Fire      ##......     16%         3    ###....
 Blink                    Tloc           N/A          21%         2    #......
 Call Imp                 Summ           #.......     21%         2    #......
 Slow                     Hex            #.......     21%         2    #......
 Mephitic Cloud           Conj/Pois/Air  #.......     22%         3    ###....
 Petrify                  Tmut/Erth      ###.....     28%         4    ####...


Dungeon Overview and Level Annotations

Branches:
Dungeon (4/15)
 Temple: D:4-7

Altars:
Dithmenos
Nemelex Xobeh
Qazlal
Sif Muna
Vehumet
Xom


Innate Abilities, Weirdness & Mutations

You are resistant to torment.
Your stone body is resilient. (AC +4)
You are immune to poison.
You resist negative energy. (rN+)
You are resistant to electric shocks. (rElec)
You can survive without breathing.
You are immune to petrification.
You are immune to rotting.
You have large cloven feet.
Your flesh is cold resistant. (rC+)


Message History

Confirm with . or Enter, or press ? or * to list all spells.
Aiming: Sandblast (safe; 1% risk of failure)
Press: ? - help, Shift-Dir - straight line, f/p - orc priest
Aim: an orc priest, wielding a +0 club and wearing a +0 scale mail (severely wounded)
The blast of sand hits the orc priest.
The orc priest is almost dead.
b - 72 stones The orc priest invokes the aid of Beogh against you.
Beogh smites you!
* * * LOW HITPOINT WARNING * * *
Casting: Sandblast (safe; 1% risk of failure)
Confirm with . or Enter, or press ? or * to list all spells.
Aiming: Sandblast (safe; 1% risk of failure)
Press: ? - help, Shift-Dir - straight line, f/p - orc priest
Aim: an orc priest, wielding a +0 club and wearing a +0 scale mail (almost dead)
The blast of sand misses the orc priest.
b - 71 stones The orc priest mumbles some strange prayers to Beogh against you.
Beogh smites you!
You die...

.....# #.......)..#####..# .....#
#..........# #<#..#
.....###..........# #.#..#
......##..........###.#..#
......##....o......)..#..#
.......#.#....o...)...#..#
.....#.#.#............'..#
.....#.#.#...o........##.#
######...'...o..@.....+..#
...####'##............####
......................#
............###########
............# ######
............# #....#
............# #....#
............# #....#
............###....##############


You could see an orc priest, an orc wizard and 2 orcs.

Vanquished Creatures
  Sigmund (D:3)
  An ogre (D:4)
  A scorpion (D:4)
  A howler monkey (D:4)
  2 hounds (D:4)
  An orc wizard (D:3)
  Natasha (thrice) (D:3)
  A worker ant (D:4)
  7 gnolls
  7 adders
  An ooze (D:3)
  An adder skeleton (D:4)
  An adder zombie (D:3)
  A worm (D:3)
  2 dart slugs (D:2)
  A leopard gecko (D:2)
  13 orcs
  5 bats
  A giant cockroach (D:1)
  9 goblins
  5 hobgoblins
  2 jackals (D:2)
  A quokka (D:2)
  A ball python (D:4)
  4 frilled lizards
  7 kobolds
  A quokka skeleton (D:4)
  11 rats
92 creatures vanquished.

Notes
Turn   | Place    | Note
-------+----------+-------------------------------------------
     0 | D:1      | Foltvin the Gargoyle Earth Elementalist began the quest for
                  | the Orb.
     0 | D:1      | Reached XP level 1. HP: 10/10 MP: 3/3
   219 | D:1      | Reached skill level 4 in Earth Magic
   219 | D:1      | Reached XP level 2. HP: 12/15 MP: 0/5
   477 | D:1      | Gained mutation: Your flesh is cold resistant. (rC+)
                  | [potion of mutation]
   477 | D:1      | Gained mutation: You have large cloven feet. [potion of
                  | mutation]
  1061 | D:2      | Reached XP level 3. HP: 18/19 MP: 1/7
  1066 | D:2      | Learned a level 3 spell: Stone Arrow
  1480 | D:2      | Reached skill level 1 in Conjurations
  1480 | D:2      | Reached XP level 4. HP: 24/24 MP: 2/8
  1890 | D:2      | Reached skill level 5 in Earth Magic
  2030 | D:2      | Reached XP level 5. HP: 24/28 MP: 5/9
  2355 | D:3      | Noticed Sigmund
  2422 | D:3      | Found a shadowy altar of Dithmenos.
  2422 | D:3      | Found a stormy altar of Qazlal.
  2422 | D:3      | Found a sparkling altar of Nemelex Xobeh.
  2423 | D:3      | Found a shimmering altar of Xom.
  2423 | D:3      | Found a shimmering blue altar of Sif Muna.
  2490 | D:3      | Killed Sigmund
  2490 | D:3      | Reached XP level 6. HP: 32/32 MP: 6/12
  2555 | D:3      | Found a radiant altar of Vehumet.
  2566 | D:3      | Became a worshipper of Vehumet
  2608 | D:3      | Noticed Natasha
  2614 | D:3      | Killed Natasha
  2614 | D:3      | Reached skill level 6 in Earth Magic
  2785 | D:3      | Noticed Natasha
  2790 | D:3      | Killed Natasha
  2797 | D:3      | Learned a level 5 spell: Lee's Rapid Deconstruction
  2845 | D:3      | Noticed Natasha
  2849 | D:3      | Killed Natasha
  2849 | D:3      | Reached XP level 7. HP: 36/36 MP: 10/13
  3631 | D:4      | Reached * piety under Vehumet
  3631 | D:4      | Offered knowledge of Shock by Vehumet.
  3717 | D:4      | Killed from afar by an orc priest

Illustrated notes

Levels and vault maps discovered:
D:1:      giann_forest_graveyard, layout_basic, grunt_decor_cap,
          chequers_hall_statues_wall_a, hangedman_decor_lopped
D:2:      layout_basic
D:3:      layout_rooms, nicolae_overflow_crystal_walls,
          grunt_temple_overflow_open, first_ration, uniq_natasha, uniq_sigmund
D:4:      layout_basic

Skill      XL: |  1  2  3  4  5  6  7 |
---------------+----------------------+-----
Earth Magic    | 4 5 6 |  6.8
Spellcasting   | 3 4 |  4.8
Conjurations   | 1 2 3 4 |  4.5
Fighting       | |  0.5
Maces & Flails | |  0.4
Armour         | |  0.4
Dodging        | |  1.7
Stealth        | |  2.1
Transmutations | |  0.7

Action                   |  1- 3 |  4- 6 |  7- 9 || total
-------------------------+-------+-------+-------++-------
Melee: Dagger            |   125 |       |       ||   125
       Unarmed           |     8 |       |       ||     8
       Kick              |     9 |     6 |       ||    15
       Whip              |       |    57 |    55 ||   112
 Cast: Sandblast         |    25 |    34 |    19 ||    78
       Stone Arrow       |       |       |     2 ||     2
  Use: Scroll            |     5 |     5 |     2 ||    12
       Potion            |     1 |       |       ||     1
 Stab: Sleeping          |     3 |     3 |       ||     6
  Eat: Chunk             |     2 |     5 |     2 ||     9
Armor: Robe              |    41 |    27 |    20 ||    88
Dodge: Dodged            |    90 |    35 |    34 ||   159

Table legend:
 A = Non-vault XP
 B = Vault XP
 C = Vault XP percentage of total XP
 D = Non-vault monster count
 E = Vault monster count
 F = Vault count percentage of total count
                 A         B        C        D         E       F
            +---------+---------+-------+---------+---------+-------
      Total |     812 |     267 |  24.7 |      90 |       2 |   2.2
            +---------+---------+-------+---------+---------+-------
        D:1 |      31 |       0 |   0.0 |      22 |       0 |   0.0
        D:2 |     150 |       0 |   0.0 |      28 |       0 |   0.0
        D:3 |     182 |     267 |  59.5 |      21 |       2 |   8.7
        D:4 |     449 |       0 |   0.0 |      19 |       0 |   0.0
            +---------+---------+-------+---------+---------+-------
